QQQQQ, chaotic male human Rogue ###################################### ----- # +...| ### |...| # | ----+----- ---- --+-----...| ###------- |...............................| #-..<..| | - -----+-- -- ---- --)..| |.....| |....############-.....| |...|# ------- @ |...|# |...|# -----|...|# |(((.|...|# |(((.-...|# |(((.|...|# | --------------- -----------...|# |....................d@a.aa.a'..|# ---------------------------------# QQQQQ the Cutpurse Experience level: 5 Strength: 12 Dexterity: 15 Constitution: 14 Intelligence: 11 Wisdom: 11 Charisma: 7 Health: 0(43) Energy: 27(27) Def: 12 Gold: 76 Moves: 2238 Dungeon seed: gpddLiPJN_iBGFHL Game ID: QQQQQ_1497750580 Your Inventory: Coins $ - 76 gold pieces Weapons b - 6 uncursed +0 daggers (in quiver) h - 7 uncursed +0 darts i - a blessed poisoned +0 dart q - an uncursed +2 dagger s - 5 uncursed +0 daggers w - an uncursed +1 short sword (weapon in hand) Armor n - an uncursed +0 dwarvish mithril-coat (being worn) r - a cursed -1 pair of iron shoes (being worn) z - an uncursed +0 dwarvish iron helm (being worn) N - an uncursed +0 dwarvish cloak (being worn) Y - an uncursed +0 dwarvish roundshield (being worn) Comestibles A - an uncursed food ration Wands u - an uncursed wand of polymorph (0:1) y - an uncursed wand of sleep (0:0) Tools a - an uncursed +0 pick-axe e - an uncursed lock pick f - an uncursed sack g - an uncursed oil lamp (0:1123) Contents of the sack: 6 gold pieces Spells and supernatural/magical abilities: Name Level Category Fail Memory W - pray for help -- divine ? -- Your skills at the end: Fighting Skills wands [Basic] Weapon Skills dagger [Basic] short sword [Basic] Spellcasting Skills Final Attributes: You were piously aligned. You were stealthy. You are dead. Vanquished creatures: a brown pudding a dwarf lord a shrieker 4 gnome lords a gnomish wizard a guardian naga hatchling 2 kittens 4 dwarves a giant bat an iguana an acid blob a hobbit 2 giant rats a red mold 14 gnomes a gecko a kobold a goblin a sewer rat 5 grid bugs 2 lichens 3 newts 50 creatures vanquished. Voluntary challenges: You used a wielded weapon 19 times, starting on turn 213. You read items or engraved 2 times, starting on turn 697. You never genocided any monsters. You never polymorphed an object. You changed form 1 time, starting on turn 1609. You used no wishes. You never split a pudding. You never wrote Elbereth's name. You never violated your personal moral code. Dungeon overview: The Dungeons of Doom: levels 1 to 2 Level 1 some fountains a long staircase Level 2 a fountain stairs to The Gnomish Mines The Gnomish Mines: levels 3 to 5 Level 3 stairs to The Dungeons of Doom Level 4 Level 5 <- You were here a hardware shop History has recorded: On T:1 you entered the Dungeons of Doom to retrieve the Amulet of Yendor! On T:465 you advanced to experience level 2. On T:833 you reached level 1 of The Gnomish Mines. On T:847 you advanced to experience level 3. On T:887 you advanced to experience level 4. On T:1611 you advanced to experience level 5. On T:1815 you reached level 2 of The Gnomish Mines. On T:2032 you reached level 3 of The Gnomish Mines. Score breakdown: Gold: 82 ( 6528 points) Experience: 5 levels (11141 points) Exploration: 5 levels ( 10.64%) ( 8846 points) Discoveries: 8 items ( 2.67%) ( 4898 points) Valuables value: (no points given unless you survive) Artifact value: 0 ( 0 points) Variety of kills: 22 monsters ( 5.74%) ( 7190 points) Turncount: 2238 turns ( -167 points) Survival: died (score multiplied by 80%) Total score: 30748 Latest messages: You are now wielding your short sword. "My feet hurt, I've been on them all day!" The gnomish wizard casts a spell! Please move the cursor to an unknown object. The priest of Issek [seen: aggravate monster] on an unexplored area. The door opens. The gnomish wizard casts a spell! The hobbit throws a runed dagger! The runed dagger hits the gnomish wizard. The giant ant bites! (2x) You feel an absence of magical power. The giant ant misses. You shudder for a moment. The giant ant misses. The jackal misses. The giant ant misses. You shudder for a moment. You die... Final status: Goodbye QQQQQ the Rogue, killed by a system shock... You died in The Gnomish Mines on dungeon level 5 with 30748 points, and 82 pieces of gold, after 2238 moves. You were level 5 with a maximum of 43 hit points when you died.